AoeStats
← RDA Ronan

Black Forest

505025114Analyzed
4v4 RM · 24d ago on Sep 7, 2026· 65m 5s· 8 players
Game mode
Random Map
Map size
Large (8 player)
Population
200
Speed
Normal
Resources
Standard
Victory
Conquest
Starting age
Dark Age
Ending age
Imperial Age
RankedLock teamsTeams togetherTeam positionsShared explorationLock speedFull tech treeHidden civsTurbo modeCheats
Victory
Defeat
🇩🇰 Turks · Denmark
1407
+14
🇵🇪 Koreans · Peru
1402
+14
🇦🇷 Jurchens · Argentina
1393
+15
🇹🇼 Franks · Taiwan
1369
+16
🇧🇷 Spanish · Brazil
1701
-27
🇦🇷 Persians · Argentina
1272
-11
🇦🇷 Ethiopians · Argentina
1257
-11
🇦🇷 Maya · Argentina
1244
-10
Oni.NachoAoE
12:02 Feudal Age
12:39 Double-Bit Axe
12:35 Horse Collar
15:38 Castle Age
13:52 Double-Bit Axe
14:31 Horse Collar
15:03 Gold Mining
17:58 Bow Saw
20:08 Wheelbarrow
19:21 Town Watch
21:46 Loom
25:22 Hand Cart
26:45 Heavy Plow
29:43 Imperial Age
27:22 Stone Mining
27:22 Gold Mining
27:57 Scale Barding Armor
28:47 Bloodlines
28:38 Husbandry
29:07 Chain Barding Armor
30:13 Forging
29:52 Cavalier
31:09 Plate Barding Armor
31:39 Chemistry
30:26 Onager
31:09 Gold Mining
31:48 Conscription
32:02 Paladin
35:10 Iron Casting
38:50 Stone Shaft Mining
39:20 Blast Furnace
40:25 Caravan
42:59 Two-Man Saw
42:37 Hoardings
42:51 Masonry
43:03 Ballistics
46:37 Bombard Tower
46:48 Architecture
46:45 Supremacy
51:38 Coinage
52:42 Fletching
55:02 Banking
54:26 Light Cavalry
55:55 Bodkin Arrow
56:38 Bracer
57:38 Murder Holes
57:58 Capped Ram
59:24 Siege Ram
59:51 Hussar
64:47 Town Patrol
RDA | Damiii el TORO
0:27 Loom
13:15 Feudal Age
17:38 Castle Age
16:02 Double-Bit Axe
17:33 Fletching
23:01 Bow Saw
26:01 Wheelbarrow
25:00 Crossbowman
26:45 Bodkin Arrow
26:56 Padded Archer Armor
30:19 Gold Mining
31:20 Ballistics
41:33 Leather Archer Armor
42:48 Scale Mail Armor
45:43 Imperial Age
44:12 Chain Mail Armor
44:14 Squires
44:26 Guard Tower
47:42 Chemistry
47:33 Town Watch
53:58 Hand Cart
54:20 Horse Collar
54:46 Halberdier
56:07 Forging
57:27 Heavy Plow
60:36 Chain Mail Armor
62:32 Plate Mail Armor
62:37 Siege Engineers
RDA Ronan
0:26 Loom
12:37 Feudal Age
13:07 Town Watch
13:23 Double-Bit Axe
14:01 Horse Collar
19:59 Castle Age
18:42 Gold Mining
21:06 Bow Saw
23:48 Fletching
27:29 Imperial Age
25:13 Fletching
25:47 Fortified Wall
25:56 Fletching
26:57 Wheelbarrow
27:42 Bodkin Arrow
27:52 Stone Mining
29:33 Chemistry
29:57 Ballistics
31:26 Bracer
31:50 Padded Archer Armor
32:37 Treadmill Crane
34:39 Conscription
34:35 Leather Archer Armor
38:01 Two-Man Saw
40:09 Scale Mail Armor
39:59 Eagle Warrior
41:40 Elite Eagle Warrior
43:07 Chain Mail Armor
43:03 Forging
42:53 Elite Plumed Archer
45:15 Plate Mail Armor
46:33 Iron Casting
45:50 Capped Ram
47:01 Squires
48:08 Stone Shaft Mining
47:10 Siege Ram
49:10 Blast Furnace
49:29 Hand Cart
50:09 Heavy Plow
52:04 Caravan
53:06 Holcans
55:40 Pikeman
56:37 Halberdier
57:35 Thumb Ring
56:54 Elite Skirmisher
58:23 Ring Archer Armor
62:14 Thumb Ring
RDA | Trippelonga
10:21 Feudal Age
11:31 Loom
16:37 Castle Age
15:14 Double-Bit Axe
15:42 Horse Collar
25:20 Gold Mining
26:51 Stone Mining
27:21 Heavy Plow
27:38 Bow Saw
29:27 Gold Shaft Mining
30:53 Wheelbarrow
34:09 Imperial Age
31:52 Husbandry
32:28 Scale Barding Armor
32:33 Forging
33:01 Bloodlines
34:08 Chain Barding Armor
34:11 Cavalier
35:22 Conscription
34:49 Capped Ram
36:30 Iron Casting
37:53 Stone Shaft Mining
38:22 Two-Man Saw
37:54 Crop Rotation
37:28 Savar
39:09 Hand Cart
40:32 Chemistry
40:28 Plate Barding Armor
43:01 Coinage
44:26 Banking
48:51 Blast Furnace
49:00 Siege Ram
49:32 Light Cavalry
51:19 Hussar
58:07 Caravan
59:38 Fletching
64:24 Thumb Ring
64:29 Elite Skirmisher
65:12 Padded Archer Armor
65:09 Bodkin Arrow
aq.gjoel
0:32 Loom
14:15 Feudal Age
19:15 Castle Age
17:42 Fletching
18:10 Stone Mining
19:25 Town Watch
20:03 Double-Bit Axe
20:45 Bodkin Arrow
29:26 Eupseong
30:38 Bow Saw
37:14 Imperial Age
35:38 Wheelbarrow
35:00 Gold Mining
36:24 Gold Shaft Mining
37:07 Hand Cart
36:42 Horse Collar
38:22 Stone Shaft Mining
38:48 Bracer
40:00 Chemistry
39:06 Town Patrol
40:15 Two-Man Saw
42:37 Arrowslits
43:13 Ballistics
47:22 Treadmill Crane
48:21 Caravan
55:19 Forging
55:10 Scale Mail Armor
54:49 Pikeman
55:29 Squires
56:25 Conscription
56:47 Iron Casting
56:42 Heavy Plow
57:57 Halberdier
59:21 Chain Mail Armor
59:22 Arson
61:59 Plate Mail Armor
Dongart
0:55 Loom
13:59 Feudal Age
18:13 Castle Age
16:33 Horse Collar
16:40 Double-Bit Axe
17:17 Gold Mining
20:27 Bow Saw
25:42 Padded Archer Armor
27:36 Heavy Plow
30:02 Wheelbarrow
30:36 Leather Archer Armor
33:29 Imperial Age
35:38 Caravan
36:47 Fletching
37:27 Ring Archer Armor
38:21 Husbandry
38:32 Bloodlines
38:33 Scale Barding Armor
38:39 Forging
39:01 Conscription
39:14 Ballistics
39:24 Bodkin Arrow
39:50 Chain Barding Armor
40:24 Bombard Tower
41:13 Forging
41:03 Bracer
41:33 Treadmill Crane
42:04 Masonry
42:05 Fortified Wall
41:54 Murder Holes
42:15 Stone Mining
43:34 Plate Barding Armor
43:35 Iron Casting
44:14 Parthian Tactics
46:28 Gold Shaft Mining
46:18 Heavy Camel Rider
49:17 Thumb Ring
50:06 Heavy Cavalry Archer
55:27 Two-Man Saw
62:20 Hoardings
62:57 Blast Furnace
64:52 Architecture
65:06 Sipahi
Chim cu đi tắm
5:43 Loom
11:35 Feudal Age
12:26 Double-Bit Axe
15:26 Castle Age
13:09 Horse Collar
16:30 Bow Saw
16:22 Heavy Plow
22:22 Fervor
29:17 Imperial Age
27:39 Wheelbarrow
28:01 Forging
27:58 Gold Mining
27:59 Stone Mining
29:18 Fortified Wall
29:31 Scale Mail Armor
30:06 Iron Casting
29:33 Squires
31:14 Two-Man Saw
30:43 Chain Mail Armor
31:24 Iron Casting
31:36 Hand Cart
31:31 Elite Fire Lancer
32:16 Gambesons
33:13 Stone Shaft Mining
32:36 Arson
33:51 Gold Shaft Mining
34:31 Blast Furnace
35:02 Conscription
34:57 Caravan
35:27 Coinage
35:10 Fletching
35:03 Treadmill Crane
35:19 Murder Holes
35:35 Masonry
35:07 Capped Ram
35:20 Heavy Rocket Cart
36:51 Bodkin Arrow
38:05 Ballistics
38:46 Chemistry
38:20 Architecture
46:11 Banking
50:33 Pikeman
51:27 Guard Tower
51:53 Halberdier
53:03 Bracer
BøM_從小不缺鮑魚
11:22 Feudal Age
15:11 Castle Age
13:02 Double-Bit Axe
16:32 Bow Saw
21:49 Wheelbarrow
22:38 Gold Mining
23:13 Hand Cart
25:00 Gold Shaft Mining
24:59 Stone Mining
25:52 Scale Barding Armor
25:50 Husbandry
29:00 Imperial Age
26:49 Forging
27:29 Chain Barding Armor
28:46 Iron Casting
28:31 Loom
29:30 Cavalier
30:55 Plate Barding Armor
30:57 Chivalry
31:18 Conscription
31:05 Paladin
33:30 Blast Furnace
33:15 Caravan
40:35 Chemistry
39:15 Light Cavalry
39:57 Scale Mail Armor
39:18 Pikeman
39:59 Squires
40:56 Ballistics
46:22 Hoardings
48:02 Chain Mail Armor
47:37 Fletching
51:01 Siege Engineers
50:52 Murder Holes
51:08 Masonry
52:20 Halberdier
53:40 Architecture
56:48 Bodkin Arrow
58:32 Plate Mail Armor
59:52 Arson
59:52 Gambesons
60:44 Fortified Wall
Connection lost

Rejoining the realm…

Still unreachable

The connection could not be restored.

Session expired

The server has moved on; the page needs a fresh start.